 Dungeon Crawl Stone Soup version 0.31-a0-1-g4198be8af4 (webtiles) character file.

Game seed: 11352858164614612889

347646 snarfax the Heavyweight Champion (level 20, -4/223 HPs)
             Began as a Troll Fighter on May 1, 2023.
             Was the Champion of Jiyva.
             Killed from afar by a black draconian (16 damage)
             ... with a bolt of lightning
             ... on level 4 of the Depths on May 2, 2023.
             The game lasted 01:57:39 (32541 turns).

snarfax the Heavyweight Champion (Troll Fighter)   Turns: 32541, Time: 01:57:40

Health: -4/223     AC: 23    Str: 35    XL:     20   Next: 85%
Magic:  19/19      EV: 15    Int:  6    God:    Jiyva [******]
Gold:   1001       SH: 18    Dex:  9    Spells: 19/19 levels left

rFire   + .          .
                       - Unarmed
rCold   + + .        b - +3 kite shield
rNeg    + . .        I - +6 faerie dragon scales {rC+ rCorr}
rPois   .            d - +3 hat of Xidimocs {rN+ Str+2}
rElec   .            M - +0 cloak {rF+}
rCorr   +            (gloves unavailable)
SInv    +            (boots unavailable)
Will    +++..        p - amulet of reflection
Stlth   +            o - +5 ring of evasion
HPRegen 2.97/turn    x - +4 ring of slaying
MPRegen 0.66/turn

%: reflection, clarity, resist mutation
@: calling ooze
A: large, unfitting armour, claws 3, regeneration 1, shaggy fur 3, tough skin 1,
horns 1, see invisible, clarity, strong-willed 2, mutation resistance 3, acidic
bite, eyeballs 1, MP-powered wands, sturdy frame 1, engulf
}: 3/15 runes: decaying, slimy, gossamer
a: Renounce Religion, Oozemancy, Slimify


You were on level 4 of the Depths.
You worshipped Jiyva.
Jiyva was exalted by your worship.
You visited 9 branches of the dungeon, and saw 43 of its levels.
You visited 1 bazaar.
You also visited: Bailey, Ice Cave, Volcano and Desolation.

You collected 2921 gold pieces.
You spent 1920 gold pieces at shops.

Inventory:

Hand Weapons
 l - a +3 scimitar of flaming
 G - a +2 trident of flaming
 O - the +10 rapier of the Skies Above {holy, +Blink rC+}
   (You found it on level 9 of the Dungeon)

   rC:        It protects you from cold.
   +Blink:    It lets you blink.
 T - the +6 quarterstaff "Wiuma" {flame, Str+3}
   (You found it in a bailey)

   Str:       It affects your strength (+3).
 V - the +4 long sword of Temperance {freeze, Str+2 Int+3 Dex+2}
   (You found it on level 1 of the Lair of Beasts)

   Str:       It affects your strength (+2).
   Int:       It affects your intelligence (+3).
   Dex:       It affects your dexterity (+2).
Missiles
 j - 3 silver boomerangs
 m - 15 large rocks (quivered)
 u - 4 datura-tipped darts
 v - 54 poisoned darts
 N - a throwing net
 Q - 6 atropa-tipped darts
 R - 2 curare-tipped darts
Armour
 b - a +3 kite shield (worn)
 c - a +2 robe of willpower
 d - the +3 hat of Xidimocs (worn) {rN+ Str+2}
   (You found it on level 4 of the Spider Nest)

   Str:       It affects your strength (+2).
   rN:        It protects you from negative energy.
 y - +2 fire dragon scales
 I - the +6 faerie dragon scales (worn) {rC+ rCorr}
   (You took it off the Enchantress on level 1 of the Depths)

   rC:        It protects you from cold.
   rCorr:     It protects you from acid and corrosion.
 K - +0 swamp dragon scales
 M - a +0 cloak of fire resistance (worn)
 Y - a +2 robe of cold resistance
Jewellery
 g - a +5 ring of evasion
 o - a +5 ring of evasion (left claw)
 p - an amulet of reflection (around neck)
 x - a +4 ring of slaying (right claw)
 D - a ring of flight
 P - a ring of ice
 W - a ring of willpower
 Z - the ring "Jud Epul" {rCorr AC+4 Int+6 Stlth+}
   (You found it in the Desolation of Salt)

   [ring of protection]

   AC:        It affects your AC (+4).
   Int:       It affects your intelligence (+6).
   rCorr:     It protects you from acid and corrosion.
   Stlth:     It makes you more stealthy.
Wands
 i - a wand of flame (69)
 n - a wand of digging (9)
 q - a wand of iceblast (23)
Scrolls
 e - 3 scrolls of blinking
 h - 7 scrolls of fear
 s - 10 scrolls of teleportation
 z - 2 scrolls of magic mapping
 E - 2 scrolls of butterflies
 L - 3 scrolls of silence
 U - 4 scrolls of poison
Potions
 a - 6 potions of cancellation
 f - 4 potions of magic
 k - 5 potions of flight
 r - 6 potions of mutation
 t - 4 potions of heal wounds
 w - 8 potions of ambrosia
 A - 3 potions of lignification
 B - 7 potions of haste
 C - 4 potions of curing
 F - 2 potions of might
 H - 5 potions of brilliance
 J - a potion of resistance
 X - 5 potions of invisibility
Miscellaneous
 S - a lightning rod (4/4)


   Skills:
 + Level 18.7 Fighting
 - Level 10.0 Armour
 - Level 5.0 Dodging
 - Level 10.0 Shields
 O Level 27 Unarmed Combat


You had 19 spell levels left.
You didn't know any spells.
Your spell library contained the following spells:

 Spells                   Type           Power      Damage    Failure   Level
 Beastly Appendage        Tmut           0%         N/A       61%         1
 Freeze                   Ice            0%         1d3       61%         1
 Magic Dart               Conj           0%         1d3       61%         1
 Shock                    Conj/Air       0%         1d3       61%         1
 Slow                     Hex            0%         N/A       61%         1
 Sting                    Tmut/Pois      0%         1d3       61%         1
 Call Imp                 Summ           0%         N/A       75%         2
 Poisonous Vapours        Pois/Air       0%         N/A       75%         2
 Searing Ray              Conj           0%         2d4       75%         2
 Static Discharge         Conj/Air       0%         2-2/arc   75%         2
 Sublimation of Blood     Necr           0%         N/A       75%         2
 Wereblood                Tmut           0%         N/A       75%         2
 Confusing Touch          Hex            0%         N/A       93%         3
 Frozen Ramparts          Ice            0%         1d1       93%         3
 Hailstorm                Conj/Ice       0%         3d3       93%         3
 Ignite Poison            Fire/Tmut/Pois 0%         N/A       93%         3
 Inner Flame              Hex/Fire       0%         N/A       93%         3
 Mephitic Cloud           Conj/Pois/Air  0%         N/A       93%         3
 Spider Form              Tmut/Pois      0%         N/A       93%         3
 Stone Arrow              Conj/Erth      0%         3d7       93%         3
 Swiftness                Air            0%         N/A       93%         3
 Tukima's Dance           Hex            0%         N/A       93%         3
 Vampiric Draining        Necr           0%         2d6       93%         3
 Volatile Blastmotes      Fire/Tloc      0%         2d10      93%         3
 Airstrike                Air            0%         2d(0-16)  100%        4
 Anguish                  Hex/Necr       0%         N/A       100%        4
 Animate Armour           Summ/Erth      0%         N/A       100%        4
 Flame Wave               Conj/Fire      0%         2d4       100%        4
 Fulminant Prism          Conj/Hex       0%         3d5       100%        4
 Ice Form                 Ice/Tmut       0%         N/A       100%        4
 Iskenderun's Mystic Bla  Conj/Tloc      0%         2d3       100%        4
 Manifold Assault         Tloc           0%         N/A       100%        4
 Olgreb's Toxic Radiance  Pois           0%         N/A       100%        4
 Passage of Golubria      Tloc           0%         N/A       100%        4
 Sticky Flame             Conj/Fire      0%         2d3       100%        4
 Summon Ice Beast         Ice/Summ       0%         N/A       100%        4
 Borgnjor's Vile Clutch   Necr/Erth      0%         N/A       100%        5
 Freezing Cloud           Conj/Ice/Air   0%         6-21      100%        5
 Iskenderun's Battlesphe  Conj           0%         2d6       100%        5
 Lee's Rapid Deconstruct  Erth           0%         3d4*      100%        5
 Metabolic Englaciation   Hex/Ice        0%         N/A       100%        5
 Yara's Violent Unravell  Hex/Tmut       0%         3d3       100%        5
 Dispersal                Tloc           0%         N/A       100%        6
 Iron Shot                Conj/Erth      0%         9d1       100%        6
 Simulacrum               Ice/Necr       0%         N/A       100%        6
 Enfeeble                 Hex            0%         N/A       100%        7
 Ozocubu's Refrigeration  Ice            0%         4d7       100%        7
 Spellforged Servitor     Conj/Summ      0%         N/A       100%        7
 Borgnjor's Revivificati  Necr           0%         N/A       100%        8
 Discord                  Hex            0%         N/A       100%        8
 Disjunction              Tloc           0%         N/A       100%        8
 Ignition                 Fire           0%         3d3       100%        8
 Lehudib's Crystal Spear  Conj/Erth      0%         10d2      100%        8
 Fire Storm               Conj/Fire      0%         5d1       100%        9
 Polar Vortex             Ice            0%         N/A       100%        9


Dungeon Overview and Level Annotations

Branches:
Dungeon (15/15)            Temple (1/1) D:6            Lair (5/5) D:10
  Swamp (4/4) Lair:2       Spider (4/4) Lair:2        Slime (5/5) Lair:5
    Orc (2/2) D:10            Elf (0/3) Orc:2        Vaults (4/5) D:13
  Crypt (0/3) Vaults:2     Depths (4/4) D:15         Bailey (visited)
  IceCv (visited)         Volcano (visited)         Desolation (visited)
    Zot: Depths:4

Altars:
Ashenzari
Cheibriados
Dithmenos
Elyvilon
Fedhas
Gozag
Hepliaklqana
Kikubaaqudgha
Makhleb
Nemelex Xobeh
Okawaru
Qazlal
Ru
Sif Muna
Trog
Uskayaw
Vehumet
Wu Jian
Xom
Yredelemnul
Zin
The Shining One
Jiyva

Shops:
D:5 !   D:6 [   D:7 [   D:10 *   Orc:1 (   Orc:2 [[???   Vaults:1 =
Vaults:4 :   Depths:2 *

Portals:
Hell: Depths:1 Depths:2
Pandemonium: Depths:2
Trove: Vaults:2 (give 11 potions of heal wounds)

Annotations:
D:5 1 runed translucent door, SirDiesAlot's ghost, novice FoFi
D:9 3 runed translucent doors
D:14 3 runed translucent doors, Sobieck's ghost, journeyman DrVM
Lair:2 3 runed translucent doors, erniekerbler's ghost, journeyman DECj
Lair:5 1 runed translucent door, superbruh's ghost, journeyman DsFi
Slime:5 Royal Jelly


Innate Abilities, Weirdness & Mutations

You are too large for most types of armour.
You have claws for hands.
Your natural rate of healing is unusually fast.
Your thick and shaggy fur keeps you warm. (AC +3, rC+)
You have tough skin. (AC +1)
You have a pair of small horns on your head.
You have supernaturally acute eyesight. (SInv)
You possess an exceptional clarity of mind.
You are highly strong-willed. (Will++)
You are almost entirely resistant to further mutation and mutation removal.
You have acidic saliva.
Your body has grown eyes which may confuse attackers. (Acc +3)
You expend magic power (3 MP) to strengthen your wands.
Your movements are slightly less encumbered by armour. (ER -2)
Your melee attacks may engulf your foes in ooze.


Message History

The wall burns the spark wasp!
The wall burns the spriggan berserker!
You block the spriggan berserker's attack.
The walls burn the spark wasp!
The spark wasp stings you! The spark wasp shocks you!
* * * LOW HITPOINT WARNING * * *
You eviscerate the spark wasp!!!
You kill the spark wasp!
The wall burns the spark wasp!
The walls burn the spark wasp!
The wall burns the spriggan berserker!
The spriggan berserker hits you but does no damage.
You miss the spriggan berserker.
Your bite misses the spriggan berserker.
The spriggan berserker is moderately wounded.
The wall burns the spark wasp!
The walls burn the spark wasp!
The spark wasp stings you!
* * * LOW HITPOINT WARNING * * *
The spark wasp shocks you!
* * * LOW HITPOINT WARNING * * *
The wall burns the spriggan berserker!
You block the spriggan berserker's attack.
The wall burns the black draconian!
The black draconian barely misses you.
You feel much better.
The walls burn the spark wasp!
The spark wasp stings you.
* * * LOW HITPOINT WARNING * * *
The spark wasp shocks you!
* * * LOW HITPOINT WARNING * * *
The walls burn the spark wasp!
You block the spark wasp's attack.
The wall burns the spriggan berserker!
The spriggan berserker hits you with a +0 war axe!!
* * * LOW HITPOINT WARNING * * *
The walls burn the spark wasp!
You block the spark wasp's attack.
The wall burns the black draconian!
The black draconian barely misses you.
Blink to where?
Press: ? - help, Dir - move target
Found a book of Debilitation.
As you read the scroll of blinking, it crumbles to dust.
The walls burn the spark wasp!
The wall burns the spriggan berserker! x3
The wall burns the black draconian!
The black draconian breathes lightning at you.
The bolt of lightning hits you!
You die...

### ..#. ..... ####.....
#...... ### ##.?..
#.###...# .
###..#..@##..
#..........<....
#...............
######.i...........
#..#.......#.......
#..#..d[...##......
######....y#.....#.....:
#..#.....y§#.......!....
#..#.....#####..~~...


You could see a black draconian (catching breath), 2 spark wasps and a spriggan
berserker (berserk).

Vanquished Creatures
  Josephina (Depths:4)
  A bone dragon (Swamp:4)
  the Enchantress (Depths:1)
  Jory (Vaults:4)
  Nikola (Vaults:1)
  Rupert (Spider:1)
  Zenata (Vaults:4)
  Frances (Spider:1)
  3 sphinxes (Vaults:4)
  An ancient champion (Vaults:2)
  A storm dragon (Depths:4)
  2 fire giants
  2 tengu reavers
  Donald (Vaults:2)
  Aizul (Vaults:1)
  3 frost giants
  7 emperor scorpions
  A ghost moth (shapeshifter) (Vaults:4)
  6 vault wardens
  3 imperial myrmidons (Desolation)
  A juggernaut zombie (Depths:1)
  A ghoul (Vaults:2)
  An orc warlord (D:10)
  4 ghost moths (Spider:4)
  3 war gargoyles
  9 ironbound thunderhulks
  13 ironbound preservers
  4 spriggan defenders
  A deep elf demonologist (Vaults:3)
  14 very ugly things
  4 eleionomae
  8 stone giants
  2 vampire knights
  2 broodmothers (Spider:4)
  3 dire elephants
  A halazid warlock (Desolation)
  The ghost of Lobster4 the Cleaver, a journeyman HOBe of Trog (Orc:1)
  6 bunyips
  9 spark wasps
  3 crystal guardians
  4 ettins
  9 fire dragons
  2 servants of whispers (Desolation)
  9 yaktaur captains
  9 ragged hierophants (Desolation)
  A deep elf high priest (Vaults:1)
  3 entropy weavers
  6 vault guards (Vaults:3)
  7 hydras
  A rakshasa (Depths:1)
  Fannar (D:12)
  11 peacekeepers
  Erica (D:8)
  2 ice dragons
  6 ironbound frosthearts
  2 radroaches
  A caustic shrike simulacrum (Depths:4)
  A catoblepas (Lair:5)
  A merfolk avatar (Lair:5)
  9 two-headed ogres
  5 ghost crabs
  A jorogumo (Spider:2)
  4 spriggan air magi
  6 centaur warriors
  2 dancing weapons (D:13)
  7 boulder beetles
  2 ogre magi (Orc:2)
  8 alligators
  A death knight (D:14)
  3 death yaks (Lair:2)
  A deep troll shaman (Depths:2)
  A deep troll earth mage (Depths:4)
  4 spriggan berserkers
  A titan zombie (Depths:1)
  A death scarab (Spider:3)
  3 tengu warriors
  2 vampire magi
  A soul eater (Depths:1)
  4 sun demons (Depths:1)
  4 hell knights (Depths:2)
  2 skysharks (Lair:5)
  3 iron trolls
  A storm dragon zombie (D:15)
  A spark wasp zombie (Depths:1)
  4 skeletal warriors (D:15)
  3 goliath frogs
  A sun moth (Spider:2)
  5 pharaoh ants
  42 deep trolls
  3 sea snakes (Lair:5)
  A tengu zombie (D:15)
  3 spectral hydras (Swamp:4)
  7 orb spiders
  2 spriggan druids
  5 swamp dragons
  5 bog bodies
  A flayed ghost (D:15)
  7 lindwurms
  4 steelbarb worms
  16 ironbound convokers
  7 wizards
  5 harpies
  6 necromancers
  A deep elf zephyrmancer (Orc:2)
  2 deep elf pyromancers
  A stone giant zombie (Vaults:3)
  An oklob plant (Lair:5)
  19 wolf spiders
  7 cyclopes
  2 manticores
  35 ugly things
  A will-o-the-wisp (Swamp:2)
  4 moths of wrath
  An orc sorcerer (D:10)
  A frost giant skeleton (Depths:1)
  10 elephants (Lair:5)
  A fire giant skeleton (D:15)
  4 guardian serpents (Desolation)
  4 vault sentinels
  7 black mambas
  A titan simulacrum (Depths:4)
  7 cane toads
  4 gargoyles
  3 smoke demons (Depths:1)
  7 torpor snails
  6 demonic crawlers
  A storm dragon simulacrum (Depths:4)
  5 rime drakes
  2 molten gargoyles
  A yaktaur zombie (Vaults:3)
  14 yaktaurs
  A hellion (Depths:1)
  5 komodo dragons
  5 tengu conjurers
  3 human skeletons (Vaults:3)
  A spark wasp simulacrum (Depths:1)
  2 swamp worm zombies (Swamp:4)
  3 polar bears
  A guardian mummy (D:15)
  5 hydra zombies (Swamp:4)
  A bloated husk (Swamp:4)
  12 tyrant leeches
  A wind drake (Lair:5)
  17 hornets
  55 saltlings (Desolation)
  26 tarantellas
  A tengu simulacrum (Depths:1)
  16 trolls
  Prince Ribbit (D:9)
  4 alligator zombies (Swamp:4)
  15 blink frogs
  A snapping turtle (Lair:5)
  2 ettin zombies
  2 spectral swamp dragons (Swamp:4)
  29 jumping spiders
  Sigmund (D:2)
  18 spriggans
  A shadow (D:11)
  2 wyverns (Lair:2)
  27 culicivoras
  2 ettin skeletons
  4 basilisks
  2 water elementals (Depths:2)
  58 yaks
  2 death yak simulacra (IceCv)
  60 redbacks
  19 vampire mosquitoes
  5 steam dragons
  Menkaure (D:6)
  7 wargs
  19 swamp worms
  An acid dragon (D:12)
  15 water moccasins
  3 black bears
  19 orc warriors
  2 swamp dragon zombies (Swamp:4)
  2 ice beasts
  5 swamp drakes
  A spriggan simulacrum (Depths:1)
  6 centaurs
  A boggart (D:15)
  27 ogres
  10 wolves (Lair:3)
  7 phantoms (Swamp:4)
  12 kobold brigands
  Blork the orc (D:4)
  10 bullfrogs
  2 gnoll sergeants
  29 scorpions
  9 wights
  An elephant simulacrum (IceCv)
  3 killer bees (D:9)
  An electric eel (Lair:3)
  6 howler monkeys
  A crimson imp (Orc:2)
  A human simulacrum (Vaults:3)
  3 hounds
  3 jellies
  9 orc priests
  2 gnoll boudas (D:6)
  An iron imp (Orc:2)
  A sleepcap (D:5)
  5 iguanas
  9 orc wizards
  4 hell rats (Lair:5)
  A polar bear simulacrum (IceCv)
  A wolf simulacrum (IceCv)
  Robin (D:2)
  20 gnolls
  11 adders
  A river rat (Lair:2)
  2 shadow imps
  3 white imps
  2 ufetubi (D:5)
  A worm (D:5)
  A dart slug (D:1)
  46 orcs
  8 endoplasms
  2 giant cockroaches
  18 goblins
  14 hobgoblins
  11 jackals
  22 kobolds
  8 quokkas
  9 ball pythons
  6 bats
  4 frilled lizards
  4 rats
  A bush (Lair:5)
1408 creatures vanquished.

Vanquished Creatures (collateral kills)
  An ironbound thunderhulk (Vaults:2)
  A tarantella (Spider:4)
  A scorpion (Spider:2)
3 creatures vanquished.

Vanquished Creatures (others)
  3 ironbound preservers
  3 great orbs of eyes
  A yaktaur captain (Vaults:1)
  2 glowing orange brains
  A deep troll (Vaults:1)
  2 ironbound convokers (Vaults:1)
  A necromancer (Vaults:3)
  A titan simulacrum (Depths:4)
  4 bloated husks
  A hornet (Depths:2)
  A meliai (shapeshifter) (Depths:2)
  A spriggan (Depths:2)
  30 slime creatures
  A shadow (D:13)
  A water elemental (Depths:2)
  A warg (Orc:1)
  A floating eye (shapeshifter) (Depths:2)
  3 boggarts (D:15)
  A phantom (Swamp:4)
  2 scorpions (Spider:2)
  105 jellies
  2 spectral swamp drakes (Swamp:4)
  3 orc wizards (Orc:1)
  A swamp drake zombie (Swamp:4)
  A shadow imp (Orc:2)
  3 orcs
  An endoplasm (shapeshifter) (D:9)
  A giant cockroach (shapeshifter) (D:9)
  A quokka (shapeshifter) (D:9)
  4 foxfires (Swamp:2)
  32 fungi
  81 plants
  5 withered plants
301 creatures vanquished.

Grand Total: 1712 creatures vanquished

Notes
Turn   | Place    | Note
-------+----------+-------------------------------------------
     0 | D:1      | snarfax the Troll Fighter began the quest for the Orb.
     0 | D:1      | Reached XP level 1. HP: 22/22 MP: 0/0
   154 | D:1      | Reached XP level 2. HP: 27/29 MP: 1/1
   258 | D:1      | Reached skill level 3 in Unarmed Combat
  1007 | D:2      | Reached XP level 3. HP: 36/36 MP: 2/2
  1530 | D:2      | Identified the +1 dagger of the Shore {heavy, *Corrode Fly
                  | Str+7}
  1693 | D:2      | Reached XP level 4. HP: 44/44 MP: 3/3
  1912 | D:2      | Noticed Sigmund
  1926 | D:2      | Reached skill level 4 in Unarmed Combat
  1926 | D:2      | HP: 2/44 [Sigmund/+2 scythe of freezing (1)]
  1982 | D:2      | Killed Sigmund
  1983 | D:2      | Reached skill level 5 in Unarmed Combat
  1983 | D:2      | Reached XP level 5. HP: 31/50 MP: 4/4
  2072 | D:3      | Noticed Robin
  2109 | D:2      | Killed Robin
  2110 | D:2      | Reached XP level 6. HP: 32/59 MP: 5/5
  2141 | D:3      | Found a glowing golden altar of the Shining One.
  2591 | D:4      | Found a white marble altar of Elyvilon.
  2911 | D:4      | Reached skill level 6 in Unarmed Combat
  2952 | D:4      | Noticed Blork the orc
  2964 | D:4      | Killed Blork the orc
  2996 | D:4      | Reached XP level 7. HP: 63/66 MP: 6/6
  3011 | D:4      | Reached skill level 5 in Shields
  3113 | D:4      | Reached skill level 7 in Unarmed Combat
  3543 | D:5      | Entered Level 5 of the Dungeon
  3681 | D:5      | Found a runed translucent door.
  3682 | D:5      | Noticed SirDiesAlot's ghost (novice FoFi)
  3721 | D:5      | Reached XP level 8. HP: 71/74 MP: 7/7
  3806 | D:5      | Reached skill level 8 in Unarmed Combat
  4016 | D:5      | Found Dolu's Distillery.
  4034 | D:5      | Bought a potion of lignification for 30 gold pieces
  4034 | D:5      | Bought a potion of heal wounds for 50 gold pieces
  4450 | D:6      | Noticed Menkaure
  4455 | D:6      | Killed Menkaure
  4456 | D:6      | Reached skill level 9 in Unarmed Combat
  4525 | D:6      | Found a staircase to the Ecumenical Temple.
  4533 | Temple   | Entered the Ecumenical Temple
  4674 | D:6      | Reached XP level 9. HP: 32/80 MP: 8/8
  4816 | D:6      | Found Quch's Armour Shoppe.
  4984 | D:6      | Reached skill level 10 in Unarmed Combat
  5009 | D:7      | Found a hide-covered altar of Uskayaw.
  5120 | D:7      | Found Xoor's Armour Shoppe.
  5566 | D:7      | Found a broken altar of Ashenzari.
  5567 | D:7      | Found a burning altar of Makhleb.
  5567 | D:7      | Found a shadowy altar of Dithmenos.
  5567 | D:7      | Found a glowing silver altar of Zin.
  5872 | D:8      | Found an iron altar of Okawaru.
  6002 | D:8      | Noticed Erica
  6011 | D:8      | Killed Erica
  6039 | D:8      | Reached skill level 10 in Shields
  6275 | D:8      | Reached XP level 10. HP: 79/89 MP: 9/9
  6629 | D:9      | Identified the +10 rapier of the Skies Above {holy, +Blink
                  | rC+}
  6632 | D:9      | Reached skill level 11 in Unarmed Combat
  6706 | D:9      | Found a runed translucent gate.
  6706 | D:9      | Found a runed translucent gate.
  6706 | D:9      | Found a runed translucent gate.
  6706 | D:9      | Noticed a green ugly thing
  6707 | D:9      | Noticed a glowing orange brain
  6707 | D:9      | Noticed a shining eye
  6707 | D:9      | Noticed a brown ugly thing
  6717 | D:9      | Noticed a two-headed ogre
  6726 | D:9      | Noticed a cyan ugly thing
  6726 | D:9      | Noticed a green ugly thing
  6727 | D:9      | Noticed a death drake
  6843 | D:9      | Noticed Prince Ribbit
  6862 | D:9      | Killed Prince Ribbit
  7011 | D:9      | Found an opulent altar of Gozag.
  7046 | D:9      | Killed a two-headed ogre
  7047 | D:9      | Reached skill level 12 in Unarmed Combat
  7185 | D:9      | Noticed a cyan ugly thing
  7241 | D:9      | Noticed a red ugly thing
  7241 | D:9      | a floating eye changed into a swamp dragon
  7241 | D:9      | Noticed a swamp dragon (glowing shapeshifter)
  7242 | D:9      | a swamp dragon changed into a snapping turtle
  7247 | D:9      | a snapping turtle changed into an anaconda
  7247 | D:9      | Noticed an anaconda (glowing shapeshifter)
  7248 | D:9      | an anaconda changed into a shock serpent
  7248 | D:9      | Noticed a shock serpent (glowing shapeshifter)
  7251 | D:9      | a shock serpent changed into a shining eye
  7251 | D:9      | Noticed a shining eye (glowing shapeshifter)
  7278 | D:10     | Entered Level 10 of the Dungeon
  7288 | D:10     | Reached skill level 1 in Armour
  7305 | D:10     | Found Weurchil's Serpentskin Sales.
  7336 | D:10     | Found a flagged portal.
  7364 | D:10     | Reached XP level 11. HP: 84/98 MP: 10/10
  7378 | Bailey   | Entered a bailey
  7510 | Bailey   | Reached skill level 13 in Unarmed Combat
  7517 | Bailey   | Found a burning altar of Makhleb.
  7528 | Bailey   | Identified the +6 quarterstaff "Wiuma" {flame, Str+3}
  7860 | D:10     | Found a staircase to the Lair.
  7881 | Lair:1   | Entered Level 1 of the Lair of Beasts
  8003 | Lair:1   | Identified the +4 long sword of Temperance {freeze, Str+2
                  | Int+3 Dex+2}
  8187 | Lair:1   | Reached skill level 5 in Fighting
  8682 | Lair:2   | Noticed a six-headed hydra
  8699 | Lair:2   | Killed a one-headed hydra
  8754 | Lair:2   | Found a runed translucent gate.
  8754 | Lair:2   | Found a runed translucent gate.
  8755 | Lair:2   | Found a runed translucent gate.
  8758 | Lair:2   | Noticed a seven-headed hydra
  8758 | Lair:2   | Noticed erniekerbler's ghost (journeyman DECj)
  8841 | Lair:2   | Noticed a death yak
  8842 | Lair:2   | Noticed a death yak
  8849 | Lair:2   | Noticed a death yak
  8867 | Lair:2   | Killed a death yak
  8868 | Lair:2   | Reached skill level 5 in Armour
  8868 | Lair:2   | Reached skill level 14 in Unarmed Combat
  8875 | Lair:2   | Killed a death yak
  8882 | Lair:2   | Killed a death yak
  8943 | Lair:2   | Reached XP level 12. HP: 104/111 MP: 11/11
  9008 | Lair:2   | Reached skill level 15 in Unarmed Combat
  9023 | Lair:2   | Found a frozen archway.
  9034 | Lair:2   | Identified the +1 morningstar of Jieg {heavy, *Corrode rN+
                  | SInv Stlth+}
  9043 | IceCv    | Entered an ice cave
  9065 | IceCv    | Found a transporter.
  9078 | IceCv    | Found a transporter.
  9445 | Lair:2   | Found a staircase to the Swamp.
 10102 | Lair:3   | You fall into a shaft and drop 2 floors!
 10102 | Lair:5   | Entered Level 5 of the Lair of Beasts
 10131 | Lair:5   | Reached skill level 16 in Unarmed Combat
 10319 | Lair:5   | Found a runed translucent door.
 10319 | Lair:5   | Found a shimmering altar of Xom.
 10319 | Lair:5   | Noticed superbruh's ghost (journeyman DsFi)
 10320 | Lair:5   | Identified the +7 broad axe of Defiance {chaos, Fly rN+
                  | Will++ Dex-3}
 10343 | Lair:5   | Noticed a four-headed hydra
 10354 | Lair:5   | Killed a one-headed hydra
 10450 | Lair:5   | Reached XP level 13. HP: 111/124 MP: 12/12
 10505 | Lair:5   | Found an ornate altar of the Wu Jian Council.
 10555 | Lair:5   | Found a hide-covered altar of Uskayaw.
 10583 | Lair:5   | Reached skill level 17 in Unarmed Combat
 10592 | Lair:5   | Found a dark tunnel.
 10651 | Volcano  | Entered a volcano
 11478 | Lair:5   | Found a staircase to the Slime Pits.
 11479 | Lair:5   | Found a viscous altar of Jiyva.
 11487 | Lair:5   | Became a worshipper of Jiyva Jiyxifen the Shapeless
 11762 | Lair:5   | Identified the +7 rapier "Aterek" {venom, Fly rCorr}
 11763 | Lair:5   | Identified the staff of conjuration "Kutoschaef" {SInv}
 11832 | Lair:4   | Reached * piety under Jiyva
 12093 | Lair:4   | Reached ** piety under Jiyva
 12366 | Lair:4   | Reached skill level 18 in Unarmed Combat
 12954 | Swamp:1  | Entered Level 1 of the Swamp
 13009 | Swamp:1  | Noticed a bunyip
 13016 | Swamp:1  | Noticed an eleionoma
 13200 | D:11     | Reached skill level 10 in Fighting
 13219 | D:11     | Identified the +2 robe of Varpholu {rPois rC+ Will+ Int-5}
 13240 | D:11     | Reached *** piety under Jiyva
 13309 | D:11     | Reached XP level 14. HP: 117/143 MP: 13/13
 13606 | D:11     | Found a shimmering blue altar of Sif Muna.
 14130 | D:6      | Bought +1 fire dragon scales for 670 gold pieces
 14278 | D:10     | Gained mutation: Your body has grown eyes which may confuse
                  | attackers. (Acc +3) [Jiyva's grace]
 14278 | D:10     | Gained mutation: Your body has grown many eyes which may
                  | confuse attackers. (Acc +5) [Jiyva's grace]
 14278 | D:10     | Gained mutation: Your body is covered in eyes which may
                  | confuse attackers. (Acc +7, SInv) [Jiyva's grace]
 14278 | D:10     | Gained mutation: Your translucent skin slightly reduces
                  | your foes' accuracy. (Stealth+) [Jiyva's grace]
 14297 | D:10     | Found a staircase to the Orcish Mines.
 14344 | Orc:1    | Entered Level 1 of the Orcish Mines
 14344 | Orc:1    | Noticed an orc warlord
 14403 | D:10     | Reached **** piety under Jiyva
 14790 | D:12     | Noticed Fannar
 14836 | D:12     | Killed Fannar
 15044 | D:12     | Got the Compilation of Telluric Gloom
 15472 | D:13     | Found a gate to the Vaults.
 15812 | D:13     | Reached ***** piety under Jiyva
 16143 | D:14     | Lost mutation: Your body is covered in eyes which may
                  | confuse attackers. (Acc +7, SInv) [Jiyva's grace]
 16143 | D:14     | Lost mutation: Your translucent skin slightly reduces your
                  | foes' accuracy. (Stealth+) [Jiyva's grace]
 16143 | D:14     | Gained mutation: You have a pair of small horns on your
                  | head. [Jiyva's grace]
 16143 | D:14     | Gained mutation: You have a pair of horns on your head.
                  | [Jiyva's grace]
 16143 | D:14     | Gained mutation: You have a pair of large horns on your
                  | head. [Jiyva's grace]
 16143 | D:14     | Gained mutation: You are resistant to electric shocks.
                  | (rElec) [Jiyva's grace]
 16298 | D:14     | Reached skill level 5 in Dodging
 16420 | D:14     | Found a runed translucent gate.
 16420 | D:14     | Found a runed translucent gate.
 16422 | D:14     | Found a runed translucent gate.
 16422 | D:14     | Noticed Sobieck's ghost (journeyman DrVM)
 16453 | D:14     | Reached skill level 19 in Unarmed Combat
 16953 | D:10     | Killed an orc warlord
 17056 | Orc:1    | Found Uhia's Weapon Shop.
 17189 | Orc:1    | Found a transporter.
 17193 | Orc:1    | Noticed Lobster4's ghost (journeyman HOBe)
 17300 | Orc:1    | Found a transporter.
 17420 | Orc:2    | Entered Level 2 of the Orcish Mines
 17540 | Orc:2    | Found Miwiov's Antique Armour Shoppe.
 17586 | Orc:2    | Reached ****** piety under Jiyva
 17586 | Orc:2    | Lost mutation: You have a pair of large horns on your head.
                  | [Jiyva's grace]
 17586 | Orc:2    | Gained mutation: You are robust. (+10% HP) [Jiyva's grace]
 17586 | Orc:2    | Gained mutation: You are very robust. (+20% HP) [Jiyva's
                  | grace]
 17586 | Orc:2    | Gained mutation: You are extremely robust. (+30% HP)
                  | [Jiyva's grace]
 17586 | Orc:2    | Gained mutation: Your melee attacks may engulf your foes in
                  | ooze. [Jiyva's grace]
 17586 | Orc:2    | Found Winuow's Armour Shop.
 17627 | Orc:2    | Reached XP level 15. HP: 160/193 MP: 14/14
 17659 | Orc:2    | Found Koiruerage's Magic Scroll Emporium.
 17697 | Orc:2    | Found Odigaoc's Magic Scroll Boutique.
 17698 | Orc:2    | Found Poejalu's Magic Scroll Shop.
 17935 | Orc:2    | Identified the +2 hat of Kuwuakh {rF+ rN+ Str-5}
 18129 | Orc:2    | Found a staircase to the Elven Halls.
 18276 | Orc:1    | Killed Lobster4's ghost
 18278 | Orc:1    | Identified the amulet of Conversion {Acrobat Str+3}
 18525 | Slime:1  | Entered Level 1 of the Pits of Slime
 18543 | Slime:2  | Noticed an acid blob
 18567 | Slime:3  | Noticed an azure jelly
 18633 | Slime:3  | Noticed an acid blob
 18634 | Slime:3  | Noticed a rockslime
 18636 | Slime:3  | Noticed an acid blob
 18638 | Slime:4  | Noticed an azure jelly
 18638 | Slime:4  | Noticed an acid blob
 18644 | Slime:5  | Entered Level 5 of the Pits of Slime
 18644 | Slime:5  | Noticed an azure jelly
 18652 | Slime:5  | Noticed an acid blob
 18658 | Slime:5  | Found a viscous altar of Jiyva.
 18658 | Slime:5  | Noticed the Royal Jelly
 18658 | Slime:5  | Noticed an acid blob
 18659 | Slime:5  | Noticed an acid blob
 18661 | Slime:5  | Noticed an acid blob
 18663 | Slime:5  | Identified the staff of earth "Egubluz" {rC- rN+++ Dex+4}
 18665 | Slime:5  | Noticed an acid blob
 18666 | Slime:5  | Noticed an acid blob
 18667 | Slime:5  | Noticed an acid blob
 18679 | Slime:5  | Got a slimy rune of Zot
 18688 | Slime:5  | Identified the +6 hand axe of Popular Demand {holy, Drain
                  | rCorr Str-5 Dex+8}
 18699 | Slime:5  | Identified the +0 scale mail "Tiurre" {Rampage rC- rN+
                  | Regen+}
 18702 | Slime:5  | Identified the staff of air "Wegin" {rElec rF++ Will- SInv
                  | Stlth+}
 18732 | Slime:3  | Noticed an azure jelly
 18767 | Slime:3  | Noticed an azure jelly
 18774 | Slime:1  | Noticed an acid blob
 18774 | Slime:1  | Noticed an acid blob
 18776 | Slime:2  | Noticed an azure jelly
 18777 | Slime:2  | Noticed an acid blob
 19074 | Swamp:1  | Reached skill level 20 in Unarmed Combat
 19596 | Swamp:2  | Lost mutation: You are extremely robust. (+30% HP) [Jiyva's
                  | grace]
 19596 | Swamp:2  | Lost mutation: You are resistant to electric shocks.
                  | (rElec) [Jiyva's grace]
 19596 | Swamp:2  | Gained mutation: You are strong-willed. (Will+) [Jiyva's
                  | grace]
 19596 | Swamp:2  | Gained mutation: You are highly strong-willed. (Will++)
                  | [Jiyva's grace]
 19596 | Swamp:2  | Gained mutation: You are extremely strong-willed. (Will+++)
                  | [Jiyva's grace]
 19596 | Swamp:2  | Gained mutation: Your translucent skin slightly reduces
                  | your foes' accuracy. (Stealth+) [Jiyva's grace]
 20118 | Swamp:3  | Reached skill level 10 in Armour
 20543 | Swamp:4  | Entered Level 4 of the Swamp
 20636 | Swamp:4  | Reached skill level 21 in Unarmed Combat
 20730 | Swamp:4  | Reached XP level 16. HP: 167/189 MP: 15/15
 21174 | Swamp:4  | Noticed a bone dragon
 21197 | Swamp:4  | Killed a bone dragon
 21198 | Swamp:4  | Reached skill level 22 in Unarmed Combat
 21293 | Swamp:4  | Got a decaying rune of Zot
 21493 | Lair:2   | Found a hole to the Spider Nest.
 21507 | Spider:1 | Entered Level 1 of the Spider Nest
 21523 | Spider:1 | Noticed Rupert
 21533 | Spider:1 | Killed Rupert
 21580 | Spider:1 | Noticed Frances
 21584 | Spider:1 | Gained mutation: You sometimes lose your temper in combat.
                  | [a neqoxec]
 21636 | Spider:1 | Killed Frances
 21781 | Spider:1 | Lost mutation: You have a pair of horns on your head.
                  | [Jiyva's grace]
 21781 | Spider:1 | Lost mutation: You are extremely strong-willed. (Will+++)
                  | [Jiyva's grace]
 21781 | Spider:1 | Gained mutation: Your body is covered in eyes which may
                  | confuse attackers. (Acc +7, SInv) [Jiyva's grace]
 21781 | Spider:1 | Gained mutation: You are partially covered in iridescent
                  | scales. (AC +2) [Jiyva's grace]
 21781 | Spider:1 | Gained mutation: You are mostly covered in iridescent
                  | scales. (AC +4) [Jiyva's grace]
 21781 | Spider:1 | Gained mutation: You are completely covered in iridescent
                  | scales. (AC +6) [Jiyva's grace]
 22632 | Spider:2 | Reached skill level 23 in Unarmed Combat
 22726 | Spider:2 | Reached XP level 17. HP: 204/204 MP: 16/16
 22958 | Spider:3 | Lost mutation: You sometimes lose your temper in combat.
                  | [potion of mutation]
 22958 | Spider:3 | Lost mutation: Your melee attacks may engulf your foes in
                  | ooze. [potion of mutation]
 22958 | Spider:3 | Lost mutation: You are highly strong-willed. (Will++)
                  | [potion of mutation]
 22958 | Spider:3 | Lost mutation: You are completely covered in iridescent
                  | scales. (AC +6) [potion of mutation]
 23547 | Spider:3 | Lost mutation: You are very robust. (+20% HP) [Jiyva's
                  | grace]
 23547 | Spider:3 | Gained mutation: You expend magic power (3 MP) to
                  | strengthen your wands. [Jiyva's grace]
 23547 | Spider:3 | Gained mutation: You are highly strong-willed. (Will++)
                  | [Jiyva's grace]
 23547 | Spider:3 | Gained mutation: You are extremely strong-willed. (Will+++)
                  | [Jiyva's grace]
 23547 | Spider:3 | Gained mutation: Your muscles are strong. (Str +4, Int/Dex
                  | -1) [Jiyva's grace]
 23794 | Spider:4 | Entered Level 4 of the Spider Nest
 24462 | Spider:4 | Identified the +3 hat of Xidimocs {rN+ Str+2}
 24484 | Spider:4 | Got a gossamer rune of Zot
 24758 | D:15     | Entered Level 15 of the Dungeon
 24765 | D:15     | Reached skill level 24 in Unarmed Combat
 24804 | D:15     | Found a staircase to the Depths.
 24836 | D:15     | Got Dikiusic's Atlas of Chilblains and Terra Firma
 25372 | Vaults:1 | Entered Level 1 of the Vaults
 25450 | Vaults:1 | Found a crumbling gateway.
 25457 | Desolati | Entered the Desolation of Salt
 25572 | Desolati | Reached XP level 18. HP: 198/203 MP: 17/17
 25846 | Desolati | Identified the ring of Honesty {Wiz MP+9 Str+4 Dex+3}
 25871 | Desolati | Got Asmodeus's Folio of the Burn
 25874 | Desolati | Identified the +1 halberd "Ofagrich" {freeze, Fragile
                  | Str+6}
 25957 | Desolati | Found the -2 hat of the Alchemist {rElec rPois rF+ rC+ rN+
                  | Will+ rMut rCorr}
 25996 | Desolati | Identified the +5 spear of Rolimag {distort, rF+}
 25999 | Desolati | Identified the ring "Jud Epul" {rCorr AC+4 Int+6 Stlth+}
 26003 | Desolati | Got the Octavo of Radiant Vitiation
 26059 | Desolati | Lost mutation: You are extremely strong-willed. (Will+++)
                  | [Jiyva's grace]
 26059 | Desolati | Lost mutation: You are highly strong-willed. (Will++)
                  | [Jiyva's grace]
 26059 | Desolati | Lost mutation: Your body is covered in eyes which may
                  | confuse attackers. (Acc +7, SInv) [Jiyva's grace]
 26059 | Desolati | Lost mutation: Your body has grown many eyes which may
                  | confuse attackers. (Acc +5) [Jiyva's grace]
 26059 | Desolati | Lost mutation: Your translucent skin slightly reduces your
                  | foes' accuracy. (Stealth+) [Jiyva's grace]
 26059 | Desolati | Gained mutation: You have acidic saliva. [Jiyva's grace]
 26059 | Desolati | Gained mutation: Your muscles are very strong. (Str +8,
                  | Int/Dex -2) [Jiyva's grace]
 26059 | Desolati | Gained mutation: Armour fits poorly on your pseudopods.
                  | [Jiyva's grace]
 26059 | Desolati | Gained mutation: Armour fits poorly on your large
                  | pseudopods. [Jiyva's grace]
 26299 | Vaults:1 | Noticed Aizul
 26305 | Vaults:1 | Killed Aizul
 26426 | Vaults:1 | Found Wanetidgh's Jewellery Boutique.
 26431 | Vaults:1 | Bought a +4 ring of slaying for 1170 gold pieces
 26714 | Vaults:1 | Reached skill level 25 in Unarmed Combat
 26884 | Vaults:1 | Noticed Nikola
 26891 | Vaults:1 | Killed Nikola
 27368 | Vaults:2 | Noticed Donald
 27377 | Vaults:2 | Killed Donald
 27516 | Vaults:2 | Found a staircase to the Crypt.
 27551 | Vaults:2 | Reached skill level 15 in Fighting
 27551 | Vaults:2 | Reached XP level 19. HP: 137/221 MP: 18/18
 27735 | Vaults:2 | Lost mutation: Your muscles are very strong. (Str +8,
                  | Int/Dex -2) [Jiyva's grace]
 27735 | Vaults:2 | Lost mutation: Your muscles are strong. (Str +4, Int/Dex
                  | -1) [Jiyva's grace]
 27735 | Vaults:2 | Lost mutation: You have acidic saliva. [Jiyva's grace]
 27735 | Vaults:2 | Lost mutation: Armour fits poorly on your large pseudopods.
                  | [Jiyva's grace]
 27735 | Vaults:2 | Gained mutation: You are covered in slimy tendrils that may
                  | disarm your opponents. [Jiyva's grace]
 27735 | Vaults:2 | Gained mutation: You have acidic saliva. [Jiyva's grace]
 27735 | Vaults:2 | Gained mutation: Your melee attacks may engulf your foes in
                  | ooze. [Jiyva's grace]
 27735 | Vaults:2 | Gained mutation: You have supernaturally acute eyesight.
                  | (SInv) [Jiyva's grace]
 28053 | Vaults:2 | Found a portal to a secret trove of treasure.
 28604 | Vaults:3 | Reached skill level 26 in Unarmed Combat
 29743 | Vaults:4 | Noticed Zenata
 29747 | Vaults:4 | Killed Zenata
 29773 | Vaults:4 | Lost mutation: You are mostly covered in iridescent scales.
                  | (AC +4) [Jiyva's grace]
 29773 | Vaults:4 | Lost mutation: You are robust. (+10% HP) [Jiyva's grace]
 29773 | Vaults:4 | Lost mutation: Armour fits poorly on your pseudopods.
                  | [Jiyva's grace]
 29773 | Vaults:4 | Gained mutation: You possess an exceptional clarity of
                  | mind. [Jiyva's grace]
 29773 | Vaults:4 | Gained mutation: You are covered in thick fur. (AC +2)
                  | [Jiyva's grace]
 29773 | Vaults:4 | Gained mutation: Your thick and shaggy fur keeps you warm.
                  | (AC +3, rC+) [Jiyva's grace]
 29773 | Vaults:4 | Gained mutation: Your movements are slightly less
                  | encumbered by armour. (ER -2) [Jiyva's grace]
 29779 | Vaults:4 | Found Viop's Book Shop.
 29850 | Vaults:4 | Found a flickering gateway to a bazaar.
 29866 | Bazaar   | Entered a bazaar
 29882 | Bazaar   | Found Cuwewi's Weapon Emporium.
 29883 | Bazaar   | Found Rihynauq's Assorted Antiques.
 29926 | Bazaar   | Found Jeac's Antique Weapon Shoppe.
 29926 | Bazaar   | Found Tutew's Weapon Shoppe.
 30014 | Vaults:4 | Noticed Jory
 30517 | Vaults:4 | Identified the +5 halberd "Xoivuxa" {freeze, rPois rC- rN+
                  | Int+3}
 30664 | Vaults:4 | Identified the scarf of Beogh's Hope {repulsion, rPois}
 30763 | Vaults:4 | Killed Jory
 31013 | Depths:1 | Entered Level 1 of the Depths
 31073 | Depths:1 | Reached XP level 20. HP: 200/215 MP: 19/19
 31194 | Depths:1 | Noticed the Enchantress
 31210 | Depths:1 | Killed the Enchantress
 31502 | Depths:1 | Found an opulent altar of Gozag.
 31505 | Depths:1 | Lost mutation: You are partially covered in iridescent
                  | scales. (AC +2) [Jiyva's grace]
 31505 | Depths:1 | Lost mutation: You are covered in slimy tendrils that may
                  | disarm your opponents. [Jiyva's grace]
 31505 | Depths:1 | Gained mutation: You are somewhat resistant to further
                  | mutation. [Jiyva's grace]
 31505 | Depths:1 | Gained mutation: You are somewhat resistant to both further
                  | mutation and mutation removal. [Jiyva's grace]
 31505 | Depths:1 | Gained mutation: You are almost entirely resistant to
                  | further mutation and mutation removal. [Jiyva's grace]
 31505 | Depths:1 | Gained mutation: You are highly strong-willed. (Will++)
                  | [Jiyva's grace]
 31596 | Depths:1 | Reached skill level 27 in Unarmed Combat
 31647 | Depths:1 | Found a gateway to Hell.
 31677 | Depths:1 | Identified the +6 rapier "Xyupn" {protect, Str+3}
 32123 | Depths:2 | Found an ancient bone altar of Kikubaaqudgha.
 32135 | Depths:2 | Found Agakedap's Changing Room.
 32221 | Depths:2 | Found a one-way gate leading to the halls of Pandemonium.
 32258 | Depths:2 | Noticed a juggernaut
 32420 | Depths:2 | You fall into a shaft and drop 2 floors!
 32420 | Depths:4 | Entered Level 4 of the Depths
 32472 | Depths:4 | Identified the ring of Waxy {Ice Contam rPois Dex+8 Stlth+}
 32472 | Depths:4 | Noticed Josephina
 32496 | Depths:4 | Killed Josephina
 32540 | Depths:4 | HP: 9/223 [spriggan berserker/+0 war axe (32)]
 32541 | Depths:4 | Killed from afar by a black draconian

Illustrated notes

Levels and vault maps discovered:
D:1:      erik_arrival_cave_to_civilisation [erik_arrival_cave_to_hall],
          layout_basic
D:2:      cheibrodos_greedy_goblins, layout_basic, uniq_sigmund
D:3:      layout_rooms, tso_metal_star, uniq_robin
D:4:      layout_basic, elyvilon_altar_5, uniq_blork_the_orc
D:5:      layout_basic, gammafunk_ghost_grave, serial_shops,
          nicolae_shop_industrial_runoff
D:6:      layout_loops_ring, minmay_temple_entry_statues_pillars, serial_shops,
          nicolae_square_shop, uniq_menkaure
D:7:      layout_loops_cross, mainiacjoe_overflow_small_starburst, minitemple,
          serial_shops, shop
D:8:      layout_basic, okawaru_ov_weapons_minmay, kennysheep_generic_room_13,
          uniq_erica
D:9:      layout_cave_pools, nicolae_overflow_crystal_walls,
          ploomutoo_gammafunk_ghost_potion_laboratory, uniq_prince_ribbit1
D:10:     layout_gridville, dpeg_oklobed_lair,
          kennysheep_orc_monster_closet_entryway, enter_bailey_3,
          guppyfry_shop_venom
D:11:     layout_basic, tgw_sif
D:12:     layout_roguey, gauntlet_entry_generic, uniq_fannar
D:13:     layout_basic, erik_vaults_1
D:14:     layout_irregular_city, ebering_ghost_rock_garden
D:15:     gammafunk_depths_entry_grave, layout_gridville, serial_park_gazebo
          [serial_park_minivault_5x5_7], chequers_serial_rivers_room_a
Temple:   nicolae_temple_god_jail
Lair:1:   layout_roguey
Lair:2:   layout_gridlike, swamp_mist, spider_nest_entry_funnel_web,
          gammafunk_ghost_split, portal_ice_cave_entry_pillars_2, pond,
          serial_bayou_shore_a, lemuel_fruit_tree
Lair:3:   layout_gridlike
Lair:4:   layout_regular_city, lemuel_fruit_fields, serial_bayou_shore_b
Lair:5:   gammafunk_lair_ancient_temple, layout_cave_pods, slime_entry_1,
          nicolae_volcano_entry_two_sided, ebering_ghost_xom,
          minmay_lair_oklob_bushes, st_stairs_10,
          chequers_serial_rivers_large_a, columned_hall_lemuel,
          nzn_masters_of_martial_movement
Swamp:1:  layout_basic_swamp, nicolae_swamp_feature_on_the_river_bank,
          swamp_pool4, worms_lemuel
Swamp:2:  nicolae_swamp_decorative_isthmus, layout_basic_swamp,
          evilmike_swamp_ruin_house_3
Swamp:3:  layout_basic_swamp, serial_swamp_ruin, evilmike_swamp_ruin_house_6,
          evilmike_swamp_ruin_house_1, swamp_pool5, nicolae_swamp_some_circles
Swamp:4:  swamp_pestilence, layout_basic_swamp, swamp_pool2
Spider:1: layout_spider_delve, uniq_rupert, uniq_frances
Spider:2: spiders_nest_a
Spider:3: layout_cave_pods
Spider:4: grunt_spider_rune_parallel
Slime:1:  layout_caves
Slime:2:  layout_caves, cheibrodos_slime_lost_civilization_7
Slime:3:  cheibrodos_slime_lost_civilization_10, layout_caves
Slime:4:  layout_caves
Slime:5
Orc:1:    layout_caves, serial_shops, nicolae_shop_hallway_plus,
          gammafunk_ghost_berserking_beasts
Orc:2:    st_orc_open, layout_caves, basic_altar, serial_shops, shop,
          hangedman_minor_magic
Vaults:1: portal_desolation_entry_ruin, v_misc_9, ontoclasm_vaults_eye,
          nicolae_vaults_network_s, ontoclasm_vaults_fault,
          nicolae_vaults_wine_cellar, hangedman_vaults_hat,
          vaults_standard_mumra_x, nicolae_vaults_security_offices_4,
          nicolae_vaults_tetromino_T_1, nicolae_vaults_gold_heap,
          nicolae_vaults_oval_intersection, vaults_dpeg_ring, v_misc_13,
          nicolae_vaults_trapezoid_layered, layout_vaults_maze_snakey,
          serial_shops, nicolae_shop_just_a_little_nook, uniq_aizul, uniq_nikola
Vaults:2: minmay_crypt_entry_simple_sparse, v_misc_8,
          nicolae_vaults_storage_closets_3, hangedman_vaults_slice,
          ontoclasm_vaults_shuriken, nicolae_vaults_little_squares_1,
          vaults_room_pool, v_misc_12, ontoclasm_vaults_ring_square,
          nicolae_vaults_storage_closets_2, grunt_vaults_hallway_short,
          vaults_room_corners, st_cells, vaults_room_pool, layout_vaults_ring,
          enter_trove_6, uniq_donald
Vaults:3: nicolae_vaults_hallways_thing, nicolae_vaults_sesquioval_fish,
          vaults_dpeg_cross, st_spiral_rooms,
          nicolae_vaults_stairing_the_circle, nicolae_vaults_network_star,
          vaults_room_corners, nicolae_vaults_angled_halls,
          nicolae_vaults_diamond_2, v_misc_17, v_misc_16,
          nicolae_vaults_surprise_closet, layout_vaults_omnicross
Vaults:4: v_misc_26, v_misc_11, nicolae_vaults_offset_grid_hallway_2,
          hangedman_vaults_river_flow, vaults_room_semicircle,
          nicolae_vaults_shelves_hall, nicolae_vaults_double_plus_3,
          nicolae_vaults_trapezoid_2, vaults_room_corners,
          layout_vaults_omnigrid, serial_shops, bzr_entry_gold, shop, uniq_jory,
          uniq_zenata
Depths:1: layout_basic, hellmouth_3, amcnicky_mini_pool_small,
          grunt_gozag_statues, uniq_enchantress
Depths:2: hangedman_elemental_death_ray, layout_cave_pools, pan_entry,
          hell_entry, nicolae_kikubaaqudgha_miasma_corner,
          nicolae_transmutations_shop, minivault_12
Depths:4: grunt_crosshair, layout_cave_pools, enter_ziggurat_a,
          hangedman_decor_push, abyss_entry, rand_demon_pan_entry_4,
          serial_shops, bzr_entry_safe, hell_entry,
          worldfamousw_hep_ancestral_shrine, uniq_boris, uniq_josephina

Skill      XL: |  1  2  3  4  5  6  7  8  9 10 11 12 13 14 15 16 17 18 19 20 |
---------------+-------------------------------------------------------------+-----
Unarmed Combat | 3 5 6 7 9 10 12 14 16 18 19 21 23 24 25 26 27 | 27.0
Shields        | 3 4 5 6 10 | 10.0
Fighting       | 3 5 7 10 11 13 15 16 18 | 18.7
Armour         | 1 5 8 10 | 10.0
Dodging        | 5 |  5.0

Action                     |  1- 3 |  4- 6 |  7- 9 | 10-12 | 13-15 | 16-18 | 19-21 || total
---------------------------+-------+-------+-------+-------+-------+-------+-------++-------
  Melee: Unarmed           |   113 |   123 |   307 |   621 |  1046 |  1243 |   595 ||  4048
         Scimitar          |       |       |       |    14 |    23 |     6 |       ||    43
         Headbutt          |       |       |       |       |   115 |   280 |   178 ||   573
         Pseudopods        |       |       |       |       |       |    61 |    61 ||   122
         Bite              |       |       |       |       |       |    37 |    87 ||   124
  Throw: Dart              |       |     3 |     8 |    15 |    11 |     6 |     7 ||    50
         Boomerang         |       |       |       |     2 |       |       |       ||     2
         Large rock        |       |       |       |       |       |       |     7 ||     7
 Invoke: Oozemancy         |       |       |       |       |       |       |     9 ||     9
  Evoke: Lightning rod     |       |       |       |       |       |       |     1 ||     1
    Use: Scroll            |     4 |     6 |     7 |     6 |    12 |     4 |     8 ||    47
         Potion            |       |     1 |       |     7 |     1 |     4 |     2 ||    15
   Stab: Distracted        |       |       |       |     1 |       |       |       ||     1
         Confused          |       |       |       |       |    22 |    48 |     2 ||    72
         Sleeping          |       |       |       |       |     1 |       |       ||     1
         Held in net/web   |       |       |       |       |       |     1 |       ||     1
 Armour: Robe              |    30 |    35 |    14 |       |       |       |       ||    79
         Skin              |       |     1 |       |       |       |       |       ||     1
         Steam dragon scal |       |       |     4 |    92 |    28 |       |       ||   124
         Fire dragon scale |       |       |       |       |    64 |    77 |    56 ||   197
         Swamp dragon scal |       |       |       |       |    47 |   194 |       ||   241
         Acid dragon scale |       |       |       |       |       |       |    57 ||    57
  Dodge: Dodged            |    29 |    60 |   129 |   321 |   499 |   584 |   142 ||  1764
  Block: Kite shield       |    35 |    66 |   201 |   520 |   778 |   923 |   309 ||  2832
         Reflection        |       |       |     2 |    20 |    55 |    21 |    31 ||   129

Table legend: (Time is in decaauts)
 A = Elapsed time spent in this place.
 B = Non-inter-level travel time spent in this place.
 C = Inter-level travel time spent in this place.
 D = Time resting spent in this place.
 E = Time spent auto-exploring this place.
 F = Levels seen in this place.
 G = Mean time per level.
                   A        B        C        D        E       F      G
               +--------+--------+--------+--------+--------+-----+--------+
         Total |  31544 |  29082 |   2462 |    587 |  20501 |  48 |  657.2 |
       Dungeon |  12131 |  10974 |   1157 |     80 |   8414 |  15 |  808.7 |
        Temple |     53 |     40 |     13 |      0 |     29 |   1 |   53.0 |
          Lair |   5213 |   4755 |    458 |    256 |   3227 |   5 | 1042.6 |
         Swamp |   2403 |   2247 |    156 |     32 |   1538 |   4 |  600.8 |
   Spider Nest |   2938 |   2749 |    189 |     61 |   1718 |   4 |  734.5 |
    Slime Pits |    282 |    159 |    123 |      0 |     80 |   5 |   56.4 |
  Orcish Mines |   1335 |   1242 |     93 |      0 |    959 |   2 |  667.5 |
        Vaults |   4498 |   4227 |    271 |    157 |   3103 |   4 | 1124.5 |
        Depths |   1394 |   1394 |      0 |      0 |    837 |   3 |  464.7 |
        Bazaar |     92 |     92 |      0 |      0 |     78 |   1 |   92.0 |
        Bailey |    194 |    194 |      0 |      0 |     30 |   1 |  194.0 |
      Ice Cave |     56 |     56 |      0 |      0 |      0 |   1 |   56.0 |
       Volcano |    241 |    241 |      0 |      0 |    115 |   1 |  241.0 |
    Desolation |    708 |    708 |      0 |      0 |    373 |   1 |  708.0 |
               +--------+--------+--------+--------+--------+-----+--------+

Top non-repeatable levels by time:
Vaults:3: 1491 daAuts
  Lair:5: 1470 daAuts
  Lair:2: 1225 daAuts
Vaults:2: 1120 daAuts
     D:2: 1110 daAuts
    D:10: 1109 daAuts
Vaults:4: 1041 daAuts
     D:1: 1005 daAuts
Depths:1: 931 daAuts
Spider:3: 915 daAuts
  Lair:4: 905 daAuts
    D:11: 887 daAuts
  Lair:1: 879 daAuts
     D:4: 873 daAuts
     D:8: 850 daAuts
